ORI
UNIVERSITY OF GEORGIA BULLDOGS @ UNIVERSITY OF NEBRASKA CORNHUSKERS
12/07/2044
 
TOP OF THE 1ST
Rancho Cucamonga Quakes batting - Pitching for Visalia Rawhide : RHP Juan Cardenas
Pitching: RHP Juan Cardenas
Batting: RHB Omar Resendez 0-0: Foul Ball, location: 2F
0-1: Called Strike
0-2: Ball
1-2: Ball
2-2: Strikes out looking
Batting: RHB Mario Mejia 0-0: Called Strike
0-1: Called Strike
0-2: Foul Ball, location: 2F
0-2: Ground out 6-3 (Groundball, 56, EV 91.3 MPH)
Batting: RHB Christopher Gallino 0-0: SINGLE (Flyball, 8RS, EV 87.5 MPH)
Batting: LHB Tim Dakin 0-0: Ball
1-0: Called Strike
1-1: Foul Ball, location: 2F
1-2: Foul Ball, location: 2F
1-2: Ball
2-2: Fielders Choice at 2nd, 6-4 (Groundball, 6, EV 80.6 MPH)
Top of the 1st over - 0 runs, 1 hit, 0 errors, 1 left on base; Rancho Cucamonga 0 - Visalia 0
BOTTOM OF THE 1ST
Visalia Rawhide batting - Pitching for Rancho Cucamonga Quakes : RHP Julio Romero
Pitching: RHP Julio Romero
Batting: RHB Chris McDaniel 0-0: Ball
1-0: Foul Ball, location: 2F
1-1: Ball
2-1: Ball
3-1: Foul Ball, location: 2F
3-2: Base on Balls
Batting: LHB Chris Coleman 0-0: Ball
1-0: Fielders Choice at 2nd, 4-6 (Groundball, 34D, EV 105.0 MPH)
Batting: RHB Jose Garcia 0-0: Foul Ball, location: 2F
0-1: Ball
1-1: Ball
2-1: Foul Ball, location: 2F
2-2: Foul Ball, location: 2F
2-2: Foul Ball, location: 2F
2-2: SINGLE (Line Drive, 34D, EV 97.5 MPH)
Chris Coleman to second
Runner from 2nd tries for 3rd, SAFE, throw by RF made to third
Batting: RHB Jose Valdez 0-0: Ball
1-0: Foul Ball, location: 2F
1-1: Foul Ball, location: 2F
1-2: Ball
2-2: Foul Ball, location: 2F
2-2: Fly out, F8 (Flyball, 8RS, EV 90.6 MPH)
Batting: RHB Hang-ki Yin 0-0: Ball
1-0: DOUBLE (Line Drive, 89XD, EV 105.6 MPH)
Chris Coleman scores
Jose Garcia to third
Runner from 3rd tries for Home, SAFE, throw by RF to trailing runner, SAFE at third!
Batting: RHB Chris Burstein 0-0: Called Strike
0-1: SINGLE (Line Drive, 3D, EV 93.8 MPH)
Hang-ki Yin scores
Pitching: RHP Ludo Argo
Batting: RHB Cody Anderson 0-0: Called Strike
0-1: Foul Ball, location: 2F
0-2: Ball
1-2: Ball
2-2: Foul Ball, location: 2F
2-2: Reached on error, E6 (Groundball, 6, EV 85.6 MPH)
Chris Burstein to second
Batting: RHB Rich Yoder 0-0: Swinging Strike
0-1: Foul Ball, location: 2F
0-2: Ball
1-2: Strikes out looking
Bottom of the 1st over - 3 runs, 3 hits, 1 error, 2 left on base; Rancho Cucamonga 0 - Visalia 3
TOP OF THE 2ND
Rancho Cucamonga Quakes batting - Pitching for Visalia Rawhide : RHP Juan Cardenas
Batting: LHB William Cano 0-0: Foul Ball, location: 2F
0-1: Ball
1-1: DOUBLE (Line Drive, 78D, EV 100.6 MPH)
Batting: RHB Ian Enge 0-0: Ball
1-0: Called Strike
1-1: Reached via error on a dropped throw from 1B, E1 (Groundball, 34, EV 95.0 MPH)
William Cano to third
Batting: RHB Marty Roldan 0-0: Swinging Strike
0-1: Called Strike
0-2: Ball
1-2: Ball
2-2: Strikes out looking
Batting: RHB Al Castillo 0-0: Called Strike
0-1: Ball
1-1: Foul Ball, location: 2F
1-2: Foul Ball, location: 2F
1-2: Ball
2-2: Ball
3-2: Foul Ball, location: 2F
3-2: Fly out, F9 (Flyball, 9S, EV 83.8 MPH)
Batting: RHB Ludo Argo 0-0: Foul Ball, location: 2F
0-1: Ball
1-1: Ball
2-1: Foul Ball, location: 2F
2-2: Strikes out looking
Top of the 2nd over - 0 runs, 1 hit, 1 error, 2 left on base; Rancho Cucamonga 0 - Visalia 3
BOTTOM OF THE 2ND
Visalia Rawhide batting - Pitching for Rancho Cucamonga Quakes : RHP Ludo Argo
Batting: RHB Juan Cardenas 0-0: Called Strike
0-1: Swinging Strike
0-2: DOUBLE (Flyball, 89D, EV 90.6 MPH)
Batting: RHB Chris McDaniel 0-0: Foul Ball, location: 2F
0-1: Called Strike
0-2: Ground out 5-3 (Groundball, 56, EV 85.6 MPH)
Batting: LHB Chris Coleman 0-0: Ball
1-0: Foul Ball, location: 2F
1-1: Foul Ball, location: 2F
1-2: Foul Ball, location: 2F
1-2: Ball
2-2: Ball
3-2: SINGLE (Line Drive, 6D, EV 103.1 MPH)
Juan Cardenas to third
Pitching: RHP Yasuoka Takahashi
Batting: RHB Jose Garcia 0-0: Ball
1-0: Called Strike
1-1: Ball
2-1: Called Strike
Chris Coleman steals 2nd base
2-2: Foul Ball, location: 2F
2-2: Strikes out swinging
Batting: RHB Jose Valdez 0-0: Ball
1-0: Ball
2-0: Ground out 6-3 (Groundball, 6, EV 81.3 MPH)
Bottom of the 2nd over - 0 runs, 2 hits, 0 errors, 2 left on base; Rancho Cucamonga 0 - Visalia 3
TOP OF THE 3RD
Rancho Cucamonga Quakes batting - Pitching for Visalia Rawhide : RHP Juan Cardenas
Batting: RHB Omar Resendez 0-0: Ball
1-0: Ball
2-0: Called Strike
2-1: Called Strike
2-2: Foul Ball, location: 2F
2-2: DOUBLE (Line Drive, 7LM, EV 108.1 MPH)
Batting: RHB Mario Mejia 0-0: Ball
1-0: Foul Ball, location: 2F
1-1: Ball
2-1: Foul Ball, location: 2F
2-2: Ball
3-2: Strikes out swinging
Batting: RHB Christopher Gallino 0-0: Fly out, F9 (Line Drive, 9, EV 106.9 MPH)
Batting: LHB Tim Dakin 0-0: Swinging Strike
0-1: Foul Ball, location: 2F
0-2: Ball
1-2: SINGLE (Groundball, 6D, EV 105.6 MPH)
Omar Resendez to third
Batting: LHB William Cano 0-0: Fielders Choice at 2nd, 6-4 (Groundball, 6, EV 78.1 MPH)
Top of the 3rd over - 0 runs, 2 hits, 0 errors, 2 left on base; Rancho Cucamonga 0 - Visalia 3
BOTTOM OF THE 3RD
Visalia Rawhide batting - Pitching for Rancho Cucamonga Quakes : RHP Yasuoka Takahashi
Batting: RHB Hang-ki Yin 0-0: Fly out, F4 (Popup, 4, EV 61.3 MPH)
Batting: RHB Chris Burstein 0-0: Called Strike
0-1: Ball
1-1: Ground out 4-3 (Groundball, 4D, EV 103.1 MPH)
Batting: RHB Cody Anderson 0-0: Foul Ball, location: 2F
0-1: Swinging Strike
0-2: Strikes out swinging
Bottom of the 3rd over - 0 runs, 0 hits, 0 errors, 0 left on base; Rancho Cucamonga 0 - Visalia 3
TOP OF THE 4TH
Rancho Cucamonga Quakes batting - Pitching for Visalia Rawhide : RHP Juan Cardenas
Batting: RHB Ian Enge 0-0: Swinging Strike
0-1: Fly out, F7 (Line Drive, 7, EV 100.0 MPH)
Batting: RHB Marty Roldan 0-0: Foul Ball, location: 2F
0-1: Ball
1-1: Ball
2-1: Ground out 2-3 (Groundball, 13S, EV 61.9 MPH)
Batting: RHB Al Castillo 0-0: Ball
1-0: Foul Ball, location: 2F
1-1: Ball
2-1: Called Strike
2-2: Strikes out looking
Top of the 4th over - 0 runs, 0 hits, 0 errors, 0 left on base; Rancho Cucamonga 0 - Visalia 3
BOTTOM OF THE 4TH
Visalia Rawhide batting - Pitching for Rancho Cucamonga Quakes : RHP Yasuoka Takahashi
Batting: RHB Rich Yoder 0-0: Ball
1-0: Ball
2-0: Foul Ball, location: 2F
2-1: Ball
3-1: Base on Balls
Batting: RHB Juan Cardenas 0-0: Ball
1-0: Bunt missed!
1-1: Ball
2-1: Sac Bunt to 25 - play at first, batter OUT! 5-4
Rich Yoder to second
Pitching: RHP Ben Redwine
Batting: RHB Chris McDaniel 0-0: Ball
1-0: Swinging Strike
1-1: Ball
2-1: Ground out U3 (Groundball, 3, EV 78.8 MPH)
Rich Yoder to third
Batting: LHB Chris Coleman 0-0: Called Strike
0-1: Called Strike
0-2: Strikes out swinging
Bottom of the 4th over - 0 runs, 0 hits, 0 errors, 1 left on base; Rancho Cucamonga 0 - Visalia 3
TOP OF THE 5TH
Rancho Cucamonga Quakes batting - Pitching for Visalia Rawhide : RHP Juan Cardenas
Batting: RHB Ben Redwine 0-0: Called Strike
0-1: Called Strike
0-2: Foul Ball, location: 2F
0-2: Ball
1-2: Strikes out swinging
Batting: RHB Omar Resendez 0-0: Foul Ball, location: 2F
0-1: Foul Ball, location: 2F
0-2: Ball
1-2: SINGLE (Flyball, 8RS, EV 96.9 MPH)
Batting: RHB Mario Mejia 0-0: Called Strike
Omar Resendez steals 2nd base
0-1: Ball
1-1: Ball
2-1: Foul Ball, location: 2F
2-2: Strikes out swinging
Batting: RHB Christopher Gallino 0-0: Hit by Pitch
Batting: LHB Tim Dakin 0-0: Ball
1-0: Ball
2-0: Called Strike
2-1: Foul Ball, location: 2F
2-2: Strikes out swinging
Top of the 5th over - 0 runs, 1 hit, 0 errors, 2 left on base; Rancho Cucamonga 0 - Visalia 3
BOTTOM OF THE 5TH
Visalia Rawhide batting - Pitching for Rancho Cucamonga Quakes : RHP Ben Redwine
Batting: RHB Jose Garcia 0-0: Swinging Strike
0-1: Ball
1-1: Foul Ball, location: 2F
1-2: Ball
2-2: Foul Ball, location: 2F
2-2: Ball
3-2: Strikes out swinging
Batting: RHB Jose Valdez 0-0: Foul Ball, location: 2F
0-1: Ball
1-1: Swinging Strike
1-2: Ground out U3 (Groundball, 3, EV 103.8 MPH)
Pitching: RHP Jalen Merriweather
Batting: RHB Hang-ki Yin 0-0: Ground out 4-3 (Groundball, 4, EV 83.1 MPH)
Bottom of the 5th over - 0 runs, 0 hits, 0 errors, 0 left on base; Rancho Cucamonga 0 - Visalia 3
TOP OF THE 6TH
Rancho Cucamonga Quakes batting - Pitching for Visalia Rawhide : RHP Juan Cardenas
Pitching: RHP Robbie Rojas
Batting: LHB William Cano 0-0: Called Strike
0-1: TRIPLE (Line Drive, 89XD, EV 101.3 MPH)
Batting: RHB Ian Enge 0-0: Called Strike
0-1: DOUBLE (Groundball, 5L, EV 106.9 MPH)
William Cano scores
Batting: RHB Marty Roldan 0-0: Called Strike
0-1: Ball
1-1: Swinging Strike
1-2: Ball
2-2: Foul Ball, location: 2F
2-2: Foul Ball, location: 2F
2-2: Foul Ball, location: 2F
2-2: Strikes out swinging
Batting: RHB Al Castillo 0-0: Called Strike
0-1: Swinging Strike
0-2: Foul Ball, location: 2F
0-2: SINGLE (Groundball, 6D, EV 100.0 MPH)
Ian Enge to third
Runner from 3rd tries for Home, SAFE, throw by CF to home
Batting: RHB Jalen Merriweather 0-0: Ball
1-0: Bunted foul
1-1: Bunted foul
1-2: Bunted foul, Strikeout!
Batting: RHB Omar Resendez 0-0: Ball
1-0: Foul Ball, location: 2F
1-1: Ball
2-1: Foul Ball, location: 2F
2-2: Foul Ball, location: 2F
2-2: Foul Ball, location: 2F
2-2: Fielders Choice at 2nd, U6 (Groundball, 6M, EV 86.9 MPH)
Top of the 6th over - 2 runs, 3 hits, 0 errors, 1 left on base; Rancho Cucamonga 2 - Visalia 3
BOTTOM OF THE 6TH
Visalia Rawhide batting - Pitching for Rancho Cucamonga Quakes : RHP Jalen Merriweather
Batting: RHB Chris Burstein 0-0: Ball
1-0: Ball
2-0: Called Strike
2-1: Ball
3-1: Base on Balls
Batting: RHB Cody Anderson 0-0: Ball
1-0: Foul Ball, location: 2F
1-1: Swinging Strike
1-2: Ball
2-2: Ball
3-2: Foul Ball, location: 2F
3-2: Foul Ball, location: 2F
3-2: Base on Balls
Chris Burstein to second
Batting: RHB Rich Yoder 0-0: Called Strike
0-1: SINGLE (Groundball, 56D, EV 104.4 MPH)
Chris Burstein to third
Cody Anderson to second
Runner from 3rd tries for Home, SAFE, throw by LF to home
Cody Anderson to third
Rich Yoder to second
Batting: RHB Robbie Rojas 0-0: Foul Ball, location: 2F
0-1: Foul Ball, location: 2F
0-2: Ball
1-2: Fly out, F9 (Flyball, 9S, EV 91.3 MPH)
Pitching: RHP Malcolm Johnson
Batting: RHB Chris McDaniel 0-0: Called Strike
0-1: Ball
1-1: Ground out 6-3 (Groundball, 6, EV 81.9 MPH)
Batting: LHB Chris Coleman 0-0: Ball
1-0: Ball
2-0: Ball
3-0: Base on Balls
Batting: RHB Jose Garcia 0-0: Called Strike
0-1: Ball
1-1: Ball
2-1: Ball
3-1: SINGLE (Groundball, 4D, EV 95.0 MPH)
Cody Anderson scores
Rich Yoder to third
Chris Coleman to second
Runner from 3rd tries for Home, throw by CF and OUT! 8-2
Bottom of the 6th over - 2 runs, 2 hits, 0 errors, 2 left on base; Rancho Cucamonga 2 - Visalia 5
TOP OF THE 7TH
Rancho Cucamonga Quakes batting - Pitching for Visalia Rawhide : RHP Robbie Rojas
Batting: RHB Mario Mejia 0-0: SINGLE (Groundball, 56D, EV 95.6 MPH)
Batting: RHB Christopher Gallino 0-0: Ball
1-0: 2-RUN HOME RUN (Flyball, 7D, EV 106.9 MPH), Distance : 361 ft
Pitching: RHP Gary MacAulay
Batting: LHB Tim Dakin 0-0: Foul Ball, location: 2F
0-1: Called Strike
0-2: Ball
1-2: Fly out, F9 (Flyball, 9S, EV 86.3 MPH)
Batting: LHB William Cano 0-0: Fly out, F8 (Flyball, 8RS, EV 95.0 MPH)
Batting: RHB Ian Enge 0-0: Called Strike
0-1: Ball
1-1: Swinging Strike
1-2: Foul Ball, location: 2F
1-2: Ball
2-2: Foul Ball, location: 2F
2-2: Ball
3-2: Fly out, F6 (Flyball, 56D, EV 70.0 MPH)
Top of the 7th over - 2 runs, 2 hits, 0 errors, 0 left on base; Rancho Cucamonga 4 - Visalia 5
BOTTOM OF THE 7TH
Visalia Rawhide batting - Pitching for Rancho Cucamonga Quakes : RHP Malcolm Johnson
Pitching: LHP Cesar Vargas
Batting: RHB Jose Valdez 0-0: Fly out, F9 (Flyball, 89D, EV 85.6 MPH)
Batting: RHB Hang-ki Yin 0-0: Ball
1-0: Ball
2-0: Ball
3-0: Base on Balls
Batting: RHB Chris Burstein 0-0: Ball
1-0: Ball
2-0: Fielders Choice at 2nd, 1-6 (Groundball, 34S, EV 71.9 MPH)
Batting: RHB Cody Anderson 0-0: Ground out 5-3 (Groundball, 56, EV 108.8 MPH)
Bottom of the 7th over - 0 runs, 0 hits, 0 errors, 1 left on base; Rancho Cucamonga 4 - Visalia 5
TOP OF THE 8TH
Rancho Cucamonga Quakes batting - Pitching for Visalia Rawhide : RHP Gary MacAulay
Batting: RHB Marty Roldan 0-0: Called Strike
0-1: Foul Ball, location: 2F
0-2: Fly out, F4 (Popup, 34, EV 58.1 MPH)
Batting: RHB Al Castillo 0-0: Ball
1-0: Ball
2-0: Ball
3-0: Base on Balls
Batting: LHB Cesar Vargas 0-0: Ball
1-0: Sac Bunt to 15 - play at first, batter OUT! 1-4
Al Castillo to second
Pinch Hitting: SHB Justin Davin 0-0: Foul Ball, location: 2F
0-1: Swinging Strike
0-2: Ball
1-2: Ball
2-2: Ball
3-2: Foul Ball, location: 2F
3-2: Foul Ball, location: 2F
3-2: Base on Balls
Pitching: RHP Evan Barron
Pinch Hitting: LHB Kyle Wells 0-0: Called Strike
0-1: Swinging Strike
0-2: SINGLE (Groundball, 6M, EV 75.6 MPH) (infield hit)
Al Castillo to third
Justin Davin to second
Batting: RHB Christopher Gallino 0-0: GRAND SLAM HOME RUN (Flyball, 7D, EV 102.5 MPH), Distance : 374 ft
Batting: LHB Tim Dakin 0-0: Ball
1-0: Called Strike
1-1: Called Strike
1-2: Ground out 1-3 (Groundball, 13S, EV 69.4 MPH)
Top of the 8th over - 4 runs, 2 hits, 0 errors, 0 left on base; Rancho Cucamonga 8 - Visalia 5
BOTTOM OF THE 8TH
Visalia Rawhide batting - Pitching for Rancho Cucamonga Quakes : LHP Cesar Vargas
Now at 2B: Andy Furman
Now at 3B: Justin Davin
Batting: RHB Rich Yoder 0-0: Ground out 5-3 (Groundball, 56, EV 81.3 MPH)
Batting: RHB Evan Barron 0-0: Ground out 5-3 (Groundball, 25, EV 86.3 MPH)
Batting: RHB Chris McDaniel 0-0: Ball
1-0: Swinging Strike
1-1: Ball
2-1: SOLO HOME RUN (Flyball, 89XD, EV 102.5 MPH), Distance : 391 ft
Batting: LHB Chris Coleman 0-0: SINGLE (Groundball, 56D, EV 100.6 MPH)
Batting: RHB Jose Garcia 0-0: Ball
1-0: Foul Ball, location: 2F
1-1: Ball
2-1: Foul Ball, location: 2F
2-2: Strikes out swinging
Bottom of the 8th over - 1 run, 2 hits, 0 errors, 1 left on base; Rancho Cucamonga 8 - Visalia 6
TOP OF THE 9TH
Rancho Cucamonga Quakes batting - Pitching for Visalia Rawhide : RHP Evan Barron
Batting: LHB William Cano 0-0: Called Strike
0-1: Ball
1-1: Fly out, F7 (Flyball, 7, EV 93.8 MPH)
Pitching: RHP John Grashel
Batting: RHB Ian Enge 0-0: Ball
1-0: Ball
2-0: Called Strike
2-1: DOUBLE (Line Drive, 78XD, EV 106.3 MPH)
Batting: RHB Marty Roldan 0-0: Ball
1-0: Swinging Strike
1-1: Swinging Strike
1-2: Foul Ball, location: 2F
1-2: Ball
2-2: Ball
3-2: Ground out 5-3 (Groundball, 5, EV 89.4 MPH)
Batting: RHB Al Castillo 0-0: Called Strike
0-1: Foul Ball, location: 2F
0-2: Ball
1-2: Ball
2-2: Ball
3-2: Base on Balls
Batting: LHB Cesar Vargas 0-0: Ball
1-0: Ball
2-0: Ball
3-0: Called Strike
3-1: Ground out 4-3 (Groundball, 4, EV 85.0 MPH)
Top of the 9th over - 0 runs, 1 hit, 0 errors, 2 left on base; Rancho Cucamonga 8 - Visalia 6
BOTTOM OF THE 9TH
Visalia Rawhide batting - Pitching for Rancho Cucamonga Quakes : LHP Cesar Vargas
Batting: RHB Jose Valdez 0-0: Ball
1-0: Ball
2-0: Called Strike
2-1: Foul Ball, location: 2F
2-2: Ball
3-2: Ground out 4-3 (Groundball, 4, EV 95.0 MPH)
Batting: RHB Hang-ki Yin 0-0: Ball
1-0: Called Strike
1-1: Foul Ball, location: 2F
1-2: Ground out 6-3 (Groundball, 6, EV 100.0 MPH)
Batting: RHB Chris Burstein 0-0: Ground out 4-3 (Groundball, 4, EV 98.1 MPH)
Bottom of the 9th over - 0 runs, 0 hits, 0 errors, 0 left on base; Rancho Cucamonga 8 - Visalia 6
Thursday, March 31st , 2022 - OOTP Baseball 22.12 Build 89